 Dungeon Crawl Stone Soup version 0.31-a0-667-g39726597b9 (webtiles) character file.

Game seed: 6412427780840626403

247877 EnegeticOcto the Convoker (level 19, -7/105 HPs)
             Began as a Vine Stalker Warper on Sept 3, 2023.
             Was the Champion of Ashenzari.
             Mangled by an orc warlord
             ... wielding a +0 bardiche
              (20 damage)
             ... on level 2 of the Vaults on Sept 4, 2023.
             The game lasted 01:00:00 (33029 turns).

EnegeticOcto the Convoker (Vine Stalker Warper)    Turns: 33029, Time: 01:00:01

Health: -7/105     AC: 21    Str: 13    XL:     19   Next: 55%
Magic:  0/39       EV: 19    Int: 24    God:    Ashenzari [******]
Gold:   698        SH: 14    Dex: 18    Spells: 18/49 levels left

rFire   + + .        j - +9 demon whip of Ashenzari's Urgency {spect, Melee, Comp} (curse)
rCold   + . .        W - +0 kite shield of the Lashed Sage {Comp, Range} (curse)
rNeg    . . .        P - +2 ring mail "Adversity of Ashenzari" {rC+, Dev, Cun} (curse)
rPois   +            Q - +2 helmet of Ashenzari's Repose {rF++ Str-2 Int+6, Comp, Elem} (curse)
rElec   .            f - +2 cloak "Cursed Together" {rPois, Self, Comp} (curse)
rCorr   .            L - +2 pair of gloves of the Eye in the Sky {Dev, Elem} (curse)
SInv    +            s - +1 pair of boots of Ashenzari's Discomfort {Comp, Self} (curse)
Will    ++...        O - amulet of the Enigmatic Sun {Acrobat, Cun, Bglg} (curse)
Stlth   +++          n - ring of Supernal Understanding {Wiz, Comp, Dev} (curse)
HPRegen 1.17/turn    D - ring "Anxiety of Ashenzari" {EV+5, Comp, Bglg} (curse)
MPRegen 0.26/turn

%: acrobat, clarity, guardian spirit, wizardry (x1)
@: marked, calling dragons
A: fangs 3, regeneration 1, magic shield, antimagic bite, no potion heal 2, see
invisible, agile 1, shaggy fur 2
}: 2/15 runes: decaying, serpentine
a: Renounce Religion, Shatter the Chains


You were on level 2 of the Vaults.
You worshipped Ashenzari.
Ashenzari was exalted by your worship.
You visited 7 branches of the dungeon, and saw 33 of its levels.
You also visited: Bailey and Volcano.

You collected 4033 gold pieces.
You spent 3335 gold pieces at shops.

Inventory:

Hand Weapons
 j - the cursed +9 demon whip of Ashenzari's Urgency (weapon) {spect, Melee, Comp}
   (You took it off Asterion on level 1 of the Snake Pit)

   It has a curse which improves the following skills: Melee Combat: Short
   Blades, Long Blades, Axes, Maces & Flails, Polearms, Staves and Unarmed
   Combat.
   Companions: Summonings and Necromancy.
Missiles
 d - 4 darts of dispersal
 w - 2 curare-tipped darts
 A - 3 atropa-tipped darts
 M - 5 throwing nets {!f}
Armour
 f - the cursed +2 cloak "Cursed Together" (worn) {rPois, Self, Comp}
   (You took it off Maurice on level 12 of the Dungeon)

   It has a curse which improves the following skills: Introspection: Fighting
   and Spellcasting.
   Companions: Summonings and Necromancy.
 s - the cursed +1 pair of boots of Ashenzari's Discomfort (worn) {Comp, Self}
   (You found it on level 3 of the Dungeon)

   It has a curse which improves the following skills: Companions: Summonings
   and Necromancy.
   Introspection: Fighting and Spellcasting.
 L - the cursed +2 pair of gloves of the Eye in the Sky (worn) {Dev, Elem}
   (You found it on level 7 of the Dungeon)

   It has a curse which improves the following skills: Devices: Evocations and
   Shapeshifting.
   Elements:  Fire Magic, Ice Magic, Air Magic and Earth Magic.
 P - the cursed +2 ring mail "Adversity of Ashenzari" (worn) {rC+, Dev, Cun}
   (You took it off an orc on level 8 of the Dungeon)

   It has a curse which improves the following skills: Devices: Evocations and
   Shapeshifting.
   Cunning:   Dodging and Stealth.
 Q - the cursed +2 helmet of Ashenzari's Repose (worn) {rF++ Str-2 Int+6, Comp, Elem}
   (You bought it in a shop on level 3 of the Snake Pit)

   Str-2:     It affects your strength (-2).
   Int+6:     It affects your intelligence (+6).
   rF++:      It greatly protects you from fire.
   It has a curse which improves the following skills: Companions: Summonings
   and Necromancy.
   Elements:  Fire Magic, Ice Magic, Air Magic and Earth Magic.
 W - the cursed +0 kite shield of the Lashed Sage (worn) {Comp, Range}
   (You found it on level 3 of the Lair of Beasts)

   It has a curse which improves the following skills: Companions: Summonings
   and Necromancy.
   Ranged Combat: Ranged Weapons and Throwing.
Jewellery
 n - the cursed ring of Supernal Understanding (left hand) {Wiz, Comp, Dev}
   (You bought it in a shop on level 2 of the Orcish Mines)

   [ring of wizardry]

   Wiz:       It improves your spell success rate.
   It has a curse which improves the following skills: Companions: Summonings
   and Necromancy.
   Devices:   Evocations and Shapeshifting.
 D - the cursed ring "Anxiety of Ashenzari" (right hand) {EV+5, Comp, Bglg}
   (You found it on level 4 of the Dungeon)

   [ring of evasion]

   EV+5:      It affects your evasion (+5).
   It has a curse which improves the following skills: Companions: Summonings
   and Necromancy.
   Beguiling: Conjurations, Hexes and Translocations.
 O - the cursed amulet of the Enigmatic Sun (around neck) {Acrobat, Cun, Bglg}
   (You took it off an orc warrior on level 8 of the Dungeon)

   [amulet of the acrobat]

   Acrobat:   It increases your evasion while moving and waiting.
   It has a curse which improves the following skills: Cunning: Dodging and
   Stealth.
   Beguiling: Conjurations, Hexes and Translocations.
Wands
 k - a wand of polymorph (27)
   (You took it off Nessos on level 2 of the Orcish Mines)
 H - a wand of digging (18) {@v3}
   (You found it on level 5 of the Dungeon)
 I - a wand of flame (61) {@v4}
   (You found it on level 5 of the Dungeon)
 N - a wand of mindburst (16)
   (You found it on level 8 of the Dungeon)
 T - a wand of light (23) {@v1}
   (You found it on level 1 of the Lair of Beasts)
 V - a wand of roots (10) {@v2}
   (You found it on level 3 of the Lair of Beasts)
 X - a wand of charming (52)
   (You took it off Maurice on level 12 of the Dungeon)
Scrolls
 a - 9 scrolls of torment
 c - 2 scrolls of blinking {@r4}
 e - 4 scrolls of poison
 h - 8 scrolls of fear {!r}
 o - a scroll of fog {!r}
 q - 6 scrolls of immolation
 r - 5 scrolls of vulnerability
 y - 2 scrolls of silence {!r}
 z - 2 scrolls of summoning
 E - 7 scrolls of teleportation {@r3 !r}
 G - 3 scrolls of revelation {@r5 !r}
Potions
 b - a potion of berserk rage
 g - 5 potions of brilliance
 i - 2 potions of might {@q3 !q}
 l - 13 potions of curing {@q1 !q}
 p - 3 potions of enlightenment
 t - 3 potions of invisibility
 v - a potion of ambrosia
 x - a potion of magic
 B - 9 potions of haste {@q4 !q}
 C - 7 potions of mutation
 J - 4 potions of lignification {@q6}
 R - 3 potions of cancellation
Miscellaneous
 m - a box of beasts
   (You found it on level 2 of the Snake Pit)


   Skills:
 + Level 10.2(13.8) Fighting
 - Level 12.0(14.3) Maces & Flails
 - Level 0.8(2.1) Throwing
 - Level 4.0 Armour
 - Level 5.8(9.4) Dodging
 - Level 3.0(6.0) Stealth
 + Level 14.7 Shields
 + Level 12.4(15.9) Spellcasting
 - Level 19.5(27) Summonings
 - Level 9.3(12.9) Translocations
 - Level 6.1(9.7) Air Magic
 - Level 4.0(8.2) Evocations


You had 18 spell levels left.
You knew the following spells:

 Your Spells              Type           Power      Damage    Failure   Level
a - Vhi's Electric Charg  Tloc/Air       100%       N/A       1%          4
b - Summon Forest         Summ/Tloc      43%        N/A       1%          5
c - Dragon's Call         Summ           49%        N/A       8%          9
e - Manifold Assault      Tloc           69%        N/A       1%          4
f - Monstrous Menagerie   Summ           49%        N/A       1%          7
Y - Blink                 Tloc           100%       N/A       1%          2

Your spell library contained the following spells:

 Spells                   Type           Power      Damage    Failure   Level
 Call Canine Familiar     Summ           99%        N/A       0%          3
 Lesser Beckoning         Tloc           100%       N/A       1%          2
 Poisonous Vapours        Pois/Air       84%        N/A       1%          2
 Portal Projectile        Hex/Tloc       100%       N/A       1%          3
 Teleport Other           Tloc           69%        N/A       1%          3
 Volatile Blastmotes      Fire/Tloc      100%       2d18      1%          3
 Summon Ice Beast         Ice/Summ       71%        N/A       1%          4
 Summon Mana Viper        Hex/Summ       71%        N/A       1%          5
 Malign Gateway           Summ/Tloc      43%        N/A       1%          7
 Summon Hydra             Summ           49%        N/A       1%          7
 Summon Horrible Things   Summ           49%        N/A       1%          8
 Necrotise                Necr           100%       1d9       2%          1
 Iskenderun's Mystic Bla  Conj/Tloc      51%        2d11      2%          4
 Mephitic Cloud           Conj/Pois/Air  35%        N/A       3%          3
 Magic Dart               Conj           84%        1d7       4%          1
 Sandblast                Erth           42%        2d11      4%          1
 Sting                    Tmut/Pois      76%        1d6       4%          1
 Ensorcelled Hibernation  Hex/Ice        42%        N/A       6%          2
 Passwall                 Tmut/Erth      16%        N/A       6%          2
 Searing Ray              Conj           42%        2d6       6%          2
 Vampiric Draining        Necr           25%        2d7       9%          3
 Stone Arrow              Conj/Erth      42%        3d9       12%         3
 Ignite Poison            Fire/Tmut/Pois 19%        N/A       13%         3
 Freezing Cloud           Conj/Ice/Air   18%        6-21      28%         5
 Anguish                  Hex/Necr       11%        N/A       30%         4
 Cause Fear               Hex            10%        N/A       34%         4
 Fulminant Prism          Conj/Hex       10%        3d9       34%         4
 Leda's Liquefaction      Hex/Erth       10%        N/A       34%         4
 Olgreb's Toxic Radiance  Pois           19%        N/A       41%         4
 Agony                    Necr           25%        N/A       56%         5
 Conjure Ball Lightning   Conj/Air       21%        3x3d6     61%         6
 Fireball                 Conj/Fire      10%        3d6       67%         5
 Lee's Rapid Deconstruct  Erth           10%        3d8*      67%         5
 Disjunction              Tloc           34%        N/A       78%         8
 Eringya's Noxious Bog    Tmut/Pois      9%         4d6       99%         6
 Discord                  Hex            10%        N/A       100%        8
 Fire Storm               Conj/Fire      10%        8d3       100%        9


Dungeon Overview and Level Annotations

Branches:
Dungeon (15/15) Zot: 25363  Temple (1/1) D:6 Zot: 5961    Lair (5/5) D:10 Zot: 25000
  Swamp (4/4) Lair:3 Zot: 19978   Snake (4/4) Lair:3 Zot: 18856   Slime (0/5) Lair:4
    Orc (2/2) D:11 Zot: 10706     Elf (0/3) Orc:2        Vaults (2/5) D:14 Zot: 10374
 Depths (0/4) D:15         Bailey (visited)         Volcano (visited)
  Crypt: Vaults:2-3

Altars:
Ashenzari
Cheibriados
Dithmenos
Elyvilon
Fedhas
Gozag
Hepliaklqana
Kikubaaqudgha
Makhleb
Nemelex Xobeh
Okawaru
Qazlal
Ru
Sif Muna
Trog
Uskayaw
Vehumet
Wu Jian
Xom
Yredelemnul
Zin
The Shining One
Jiyva

Shops:
D:8 [   D:11 :   Orc:2 ?(=*:*=[   Snake:3 *[!?   Vaults:2 ***

Annotations:
D:14 3 runed translucent doors
Lair:1 exclusion: oklob plant
Lair:5 1 exclusion
Snake:4 2 transporters, Igomp's ghost, adept MiBe


Innate Abilities, Weirdness & Mutations

You have razor-sharp teeth.
Your natural rate of healing is unusually fast.
When hurt, damage is shared between your health and your magic reserves.
Your bite disrupts and absorbs the magic of your enemies.
Potions cannot restore your health.
You have supernaturally acute eyesight. (SInv)
You are agile. (Dex +4, Str/Int -1)
You are covered in thick fur. (AC +2)


Message History

Your storm dragon tramples the stone giant but does no damage.
Your ice dragon breathes frost at the stone giant.
The blast of cold hits the stone giant!!!
The stone giant dies!
Casting: Dragon's Call (quite dangerous; 8% risk of failure)
Confirm with . or Enter, or press ? or * to list all spells.
There's one issue or another keeping you from charging at any nearby foe.
You swap places.
You swap places.
You open the large door.
Found 5 stones.
There is a large open door here.
Your ice dragon disappears in a puff of smoke!
Your storm dragon disappears in a puff of smoke!
The roar of the dragon horde subsides.
You sense a monster nearby.
You see here 5 stones.
There is a large open door here.
You can once more reach out to the dragon horde.
You open the door.
There is a large open door here.
You open the door.
You sense a monster nearby.
Found a stone staircase leading down.
There is an open door here.
You open the door. 6 humans, an ironbound thunderhulk, an orc warlord and 3 slime creatures come into view.
A vault warden is wielding a +1 battleaxe of venom.
The orc warlord is wielding a +0 bardiche and wearing a +1 chain mail of fire resistance.
An ironbound preserver is wielding a +0 mace of protection.
The vault warden shouts!
The vault sentinel shouts!
The slime creature quivers.
The ironbound frostheart shouts!
The ironbound preserver shouts!
The orc warlord shouts!
The ironbound frostheart calls freezing cold from the walls.
The frost grips you! You resist.
You are encased in ice.
The vault sentinel blows a loud note on a signal horn!
The slime creature moves out of view.
The slime creature quivers.
You hear a shout!
Found a stone staircase leading down.
There are monsters nearby!
There are monsters nearby!
Casting: Vhi's Electric Charge (safe; 1% risk of failure)
Confirm with . or Enter, or press ? or * to list all spells.
The spell is quite dangerous to miscast (8% risk of failure)!
Continue anyway?
You call out to the draconic realm, and the dragon horde roars back!
The ironbound thunderhulk shouts!
The ironbound preserver shouts!
The vault sentinel shouts!
A dragon arrives to answer your call!
The ironbound frostheart calls freezing cold from the walls.
The frost grips you! You resist. The frost grips your fire dragon!!
Your fire dragon is frozen!
The ironbound preserver mumbles some strange words.
The ironbound preserver begins to accept its allies' injuries.
The vault sentinel gestures at you while chanting.
You barely resist. Something hits your fire dragon.
Your fire dragon bites the vault warden!
Your fire dragon claws the vault warden!
Your fire dragon tramples the vault warden but does no damage.
The vault sentinel blows a loud note on a signal horn!
Electricity crackles from the ironbound thunderhulk's apparatus.
The bolt of lightning hits you!!! A dragon arrives to answer your call!
Your fire dragon breathes flames at the ironbound preserver.
The blast of flame hits the ironbound preserver!!
The ironbound preserver mumbles some strange words.
The ironbound preserver begins to accept its allies' injuries.
The vault sentinel points at you and mumbles some strange words.
A sentinel's mark forms upon you.
Two slime creatures merge to form a large slime creature.
The vault sentinel blows a loud note on a signal horn!
Electricity crackles from the ironbound thunderhulk's apparatus.
The bolt of lightning misses you. A dragon arrives to answer your call!
The ice encasing you melts away.
The vault sentinel blows a loud note on a signal horn!
The vault warden activates a sealing rune.
A door slams shut!
Your iron dragon bites the ironbound thunderhulk!
Your iron dragon claws the ironbound thunderhulk!!
Your iron dragon tramples the ironbound thunderhulk.
The ironbound thunderhulk holds its ground!
Casting: Dragon's Call (quite dangerous; 8% risk of failure)
Confirm with . or Enter, or press ? or * to list all spells.
Charge where?
Press: ? - help, Dir - move target, f - ironbound frostheart
Aim: an ironbound frostheart, wearing a +0 ring mail (sheltered from injuries, ally target, 89% to hit)
You charge forward with an electric crackle!
You closely miss the ironbound frostheart.
You bite the ironbound frostheart!
The ironbound frostheart's magic leaks into the air.
You drain its magic.
You feel invigorated.
The ironbound frostheart is moderately wounded.
Your +9 demon whip of Ashenzari's Urgency {spect, Melee, Comp} hits the ironbound frostheart!!
Electricity crackles from the ironbound thunderhulk's apparatus.
The bolt of lightning hits you!!!
* * * LOW HITPOINT WARNING * * *
The vault sentinel blows a loud note on a signal horn!
The orc warlord hits you from afar with a +0 bardiche!!
You die...

**,,,,{** *,,,
##.......##*,,,
**.....J...##,,,
*,,...D.pD..+,,,
**,,...O.J.***,*
**,,..ppp** *,, **,,Dpo**
**#*
################p#####..,
#.............#.@(...#..*
'.............#.§....+c.*
'.............#.§....+,,*
#.............#.>....#***
#.............+......#
#..(..........#......#
#.............#......#
#.............#......#
..#############......#


You could see an orc warlord (sheltered), 2 ironbound preservers, a vault warden
(sheltered), an ironbound thunderhulk (sheltered, ally target), a large slime
creature (sheltered), a slime creature (sheltered), an ironbound frostheart
(sheltered, ally target, magic disrupted), 2 vault sentinels, a yaktaur, a
friendly iron dragon (summoned), 2 friendly fire dragons and a friendly +9 demon
whip of Ashenzari's Urgency {spect, Melee, Comp}.

Vanquished Creatures
  A sphinx (Vaults:1)
  Agnes (D:14)
  A thorn hunter (Swamp:2)
  Aizul (Snake:3)
  A fenstrider witch (Swamp:2)
  A nagaraja (Snake:4)
  A vault warden (Vaults:1)
  3 ironbound preservers (Vaults:1)
  A formless jellyfish (Vaults:1)
  Nessos (Orc:2)
  7 eleionomae
  A dire elephant (Vaults:2)
  Azrael (D:15)
  4 bunyips
  Snorg (D:12)
  3 yaktaur captains (Vaults:1)
  2 salamander tyrants (Snake:4)
  3 ghost crabs
  19 hydras
  6 anacondas
  5 vault guards (D:14)
  10 alligators
  3 ironbound frosthearts (Vaults:1)
  2 ogre magi
  9 centaur warriors
  2 boulder beetles
  15 two-headed ogres
  3 death yaks (Lair:5)
  3 tengu warriors
  6 naga warriors
  6 naga sharpshooters
  An orc high priest (Orc:2)
  4 salamander mystics
  2 shock serpents (Snake:2)
  A skyshark (Lair:4)
  2 goliath frogs (Swamp:3)
  2 spriggan druids
  4 deep trolls
  6 bog bodies
  An ironbound convoker (Vaults:1)
  10 naga ritualists
  2 wizards (D:14)
  2 lindwurms
  A deep elf archer (D:14)
  6 swamp dragons
  An orc knight (Orc:2)
  5 deep elf pyromancers
  2 orc sorcerers
  A wolf spider (D:15)
  6 mana vipers
  8 ugly things
  3 alligator skeletons (Volcano)
  4 manticores
  5 cyclopes
  2 will-o-the-wisps
  6 salamanders
  17 elephants
  2 centaur zombies (D:12)
  28 black mambas
  4 guardian serpents (Snake:4)
  8 naga magi
  A water nymph (Swamp:2)
  3 gargoyles (Volcano)
  Maurice (D:12)
  5 rime drakes
  10 cane toads
  5 kobold demonologists
  12 komodo dragons
  2 efreet (D:14)
  A tengu conjurer (D:14)
  10 trolls
  3 polar bears
  3 meliai (D:14)
  3 blink frogs (Lair:5)
  A harpy skeleton (Volcano)
  4 tyrant leeches
  8 hornets
  A blink frog (shapeshifter) (D:14)
  2 flying skulls (Volcano)
  7 slime creatures
  A meliai zombie (D:12)
  3 spriggans
  3 shadows
  37 yaks
  5 wyverns
  A vampire (D:12)
  A hog (D:15)
  5 wraiths
  A fire elemental (D:15)
  A steam dragon (Lair:5)
  A hog (shapeshifter) (D:13)
  6 vampire mosquitoes
  5 basilisks
  11 swamp worms
  A warg (D:15)
  11 nagas
  2 acid dragons
  3 hell hounds (Lair:5)
  13 water moccasins
  2 nameless horrors
  A swamp drake (Swamp:4)
  18 orc warriors
  2 black bears
  4 ice beasts
  A sky beast (D:7)
  13 wolves
  10 ogres
  10 centaurs
  2 phantoms
  2 kobold brigands
  11 bullfrogs
  2 scorpions
  A gnoll sergeant (D:9)
  A human skeleton (Vaults:1)
  13 killer bees
  2 spriggan skeletons (Volcano)
  7 howler monkeys
  A troll skeleton (Volcano)
  10 orc priests
  3 hounds
  A sleepcap (D:4)
  2 iguanas
  Natasha (thrice) (D:3)
  5 orc wizards
  A naga skeleton (Volcano)
  13 gnolls
  3 adders
  A river rat (D:5)
  2 shadow imps
  2 white imps
  An ufetubus (D:7)
  2 worms
  8 dart slugs (D:4)
  38 orcs
  5 endoplasms
  2 giant cockroaches (D:5)
  6 hobgoblins
  3 quokkas
  3 ball pythons
  3 bats
  5 frilled lizards
  8 goblins
  12 kobolds
  3 rats
710 creatures vanquished.

Vanquished Creatures (collateral kills)
  Vashnia (Snake:2)
  Nikola (Snake:4)
  Jorgrun (Snake:2)
  Asterion (Snake:1)
  A quicksilver dragon (Vaults:1)
  2 thorn hunters
  2 nagarajas (Snake:4)
  Louise (D:15)
  A frost giant (D:15)
  An ironbound preserver (Vaults:1)
  A formless jellyfish (Vaults:1)
  3 stone giants
  An eleionoma (Swamp:4)
  2 dire elephants (Vaults:2)
  A shambling mangrove (Swamp:2)
  A ghost crab (Swamp:3)
  14 hydras
  2 salamander tyrants (Snake:4)
  An ironbound frostheart (Vaults:1)
  3 vault guards (D:14)
  2 centaur warriors
  An ogre mage (Orc:2)
  4 alligators
  An anaconda (Snake:1)
  3 two-headed ogres
  2 boulder beetles
  2 spriggan berserkers (Swamp:4)
  2 naga warriors
  4 shock serpents
  4 naga sharpshooters
  2 salamander mystics (Snake:4)
  A goliath frog (Swamp:4)
  2 skeletal warriors (Volcano)
  A skyshark (shapeshifter) (D:14)
  A spriggan druid (Swamp:3)
  2 naga ritualists (Snake:4)
  6 swamp dragons
  A deep troll (Vaults:1)
  3 bog bodies
  An ironbound convoker (Vaults:1)
  2 lindwurms (Vaults:1)
  A necromancer (Vaults:1)
  An orc knight (D:15)
  A mana viper (Snake:1)
  A cyclops (Orc:2)
  2 manticores
  An alligator skeleton (Volcano)
  2 will-o-the-wisps
  A frost giant skeleton (Vaults:1)
  2 naga magi
  9 black mambas
  A guardian serpent (Snake:4)
  A water nymph (Swamp:2)
  A vault sentinel (Vaults:1)
  2 gargoyles (Volcano)
  An elf skeleton (Vaults:1)
  5 yaktaurs (Vaults:1)
  An efreet (D:14)
  3 trolls (Orc:2)
  A bloated husk (Swamp:2)
  A hornet (Swamp:2)
  5 tyrant leeches
  A harpy skeleton (Volcano)
  A flying skull (Volcano)
  3 slime creatures (Vaults:1)
  A vampire (D:14)
  2 hogs (D:15)
  A nameless horror (D:14)
  A fire elemental (D:15)
  2 vampire mosquitoes
  An acid dragon (D:14)
  9 nagas
  7 swamp drakes
  2 hell hounds (D:15)
  4 orc warriors (Orc:2)
  8 ogres (Orc:2)
  9 centaurs
  5 orc priests (Orc:2)
  7 orc wizards (Orc:2)
  A naga skeleton (Volcano)
  17 orcs
213 creatures vanquished.

Vanquished Creatures (others)
  Kirke (D:15)
  2 centaur warriors
  A goliath frog (Swamp:3)
  A swamp dragon (Swamp:4)
  A deep elf pyromancer (D:14)
  A bloated husk (Swamp:1)
  A hog (D:15)
  3 humans (D:15)
  An ogre (Orc:2)
  An orc (D:8)
  10 foxfires
  11 snaplasher vines
  7 spectral weapons
41 creatures vanquished.

Grand Total: 964 creatures vanquished

Notes
Turn   | Place    | Note
-------+----------+-------------------------------------------
     0 | D:1      | EnegeticOcto the Vine Stalker Warper began the quest for
                  | the Orb.
     0 | D:1      | Reached XP level 1. HP: 11/11 MP: 4/4
   363 | D:1      | Reached skill level 1 in Stealth
   549 | D:1      | Reached skill level 2 in Stealth
   603 | D:1      | Reached XP level 2. HP: 15/15 MP: 3/6
   920 | D:1      | Found a faded altar of an unknown god.
  1107 | D:2      | Learned a level 2 spell: Blink
  1231 | D:2      | Reached skill level 3 in Stealth
  1231 | D:2      | Reached skill level 2 in Maces & Flails
  1231 | D:2      | Reached XP level 3. HP: 18/18 MP: 5/7
  1708 | D:3      | Noticed Natasha
  1853 | D:3      | Killed Natasha
  1854 | D:3      | Reached skill level 3 in Maces & Flails
  2060 | D:3      | Noticed Natasha
  2086 | D:3      | Killed Natasha
  2087 | D:3      | Reached XP level 4. HP: 7/23 MP: 3/8
  2255 | D:3      | Noticed Natasha
  2268 | D:3      | Killed Natasha
  2417 | D:3      | Reached skill level 4 in Maces & Flails
  2417 | D:3      | Reached XP level 5. HP: 26/26 MP: 9/9
  2421 | D:3      | Learned a level 3 spell: Teleport Other
  2584 | D:4      | Reached skill level 2 in Fighting
  3108 | D:4      | Reached XP level 6. HP: 32/32 MP: 10/10
  3660 | D:5      | Entered Level 5 of the Dungeon
  3774 | D:5      | Reached skill level 3 in Fighting
  3774 | D:5      | Reached skill level 4 in Translocations
  3843 | D:5      | Reached skill level 5 in Translocations
  3887 | D:5      | Noticed a water moccasin
  3902 | D:5      | Killed a water moccasin
  3903 | D:5      | Reached skill level 3 in Spellcasting
  3903 | D:5      | Reached XP level 7. HP: 21/36 MP: 9/12
  4395 | D:5      | Reached skill level 5 in Maces & Flails
  4729 | D:6      | You fall into a shaft and drop 2 floors!
  4729 | D:8      | Found Yshew's Armour Emporium.
  4876 | D:7      | Found a flagged portal.
  4881 | Bailey   | Entered a bailey
  4885 | Bailey   | Noticed a human
  4892 | Bailey   | Reached skill level 6 in Maces & Flails
  4893 | Bailey   | Noticed a human
  5086 | D:7      | Gained mutation: You have razor-sharp teeth. [Vine Stalker
                  | growth]
  5086 | D:7      | Reached XP level 8. HP: 40/40 MP: 13/13
  5092 | D:7      | Learned a level 4 spell: Vhi's Electric Charge
  5185 | D:7      | Reached skill level 7 in Maces & Flails
  5421 | D:6      | Found a staircase to the Ecumenical Temple.
  5432 | Temple   | Entered the Ecumenical Temple
  5451 | Temple   | Became a worshipper of Ashenzari the Shackled
  5672 | D:6      | Reached skill level 8 in Maces & Flails
  5694 | D:6      | Reached skill level 1 in Air Magic
  5903 | D:6      | Reached skill level 2 in Air Magic
  6009 | D:7      | Reached XP level 9. HP: 45/45 MP: 14/14
  6204 | D:7      | Gained mutation: You have supernaturally acute eyesight.
                  | (SInv) [potion of mutation]
  6204 | D:7      | Gained mutation: You are covered in fur. (AC +1) [potion of
                  | mutation]
  6204 | D:7      | Gained mutation: You are covered in thick fur. (AC +2)
                  | [potion of mutation]
  6204 | D:7      | Gained mutation: You are agile. (Dex +4, Str/Int -1)
                  | [potion of mutation]
  6229 | D:8      | Noticed a hornet
  6360 | D:7      | Reached skill level 4 in Fighting
  6393 | D:7      | Killed a hornet
  6394 | D:7      | Reached skill level 3 in Air Magic
  6624 | D:8      | Noticed a kobold demonologist
  6628 | D:8      | Reached skill level 9 in Maces & Flails
  6674 | D:7      | Killed a kobold demonologist
  6759 | D:8      | Reached skill level 10 in Maces & Flails
  6853 | D:8      | Noticed a kobold demonologist
  6859 | D:8      | Noticed a hellwing
  7067 | D:8      | Noticed a kobold demonologist
  7074 | D:8      | Killed a kobold demonologist
  7075 | D:8      | Reached XP level 10. HP: 49/51 MP: 16/16
  7120 | D:8      | Killed a kobold demonologist
  7121 | D:8      | Reached skill level 11 in Maces & Flails
  7264 | D:8      | Found a sparkling altar of Nemelex Xobeh.
  7265 | D:8      | Found an opulent altar of Gozag.
  7282 | D:8      | Got the Octavo of Hot Lithomancy
  7555 | D:9      | Reached skill level 12 in Maces & Flails
  7561 | D:9      | Reached skill level 1 in Armour
  7580 | D:9      | Reached * piety under Ashenzari
  7627 | D:9      | Reached skill level 5 in Fighting
  7650 | D:9      | Reached skill level 2 in Armour
  8097 | D:9      | Reached ** piety under Ashenzari
  8404 | D:10     | Entered Level 10 of the Dungeon
  8623 | D:10     | Reached skill level 3 in Armour
  8689 | D:10     | Found a staircase to the Lair.
  8836 | D:10     | Noticed a two-headed ogre
  8852 | D:10     | Killed a two-headed ogre
  8853 | D:10     | Reached skill level 6 in Fighting
  8853 | D:10     | Reached XP level 11. HP: 55/58 MP: 18/18
  8964 | D:10     | Reached skill level 4 in Armour
  8992 | Lair:1   | Entered Level 1 of the Lair of Beasts
  9066 | Lair:1   | Reached skill level 7 in Fighting
  9182 | Lair:1   | Reached skill level 8 in Fighting
  9365 | Lair:1   | Found a blossoming altar of Fedhas.
  9385 | Lair:1   | Noticed an oklob plant
  9962 | Lair:2   | Reached *** piety under Ashenzari
 10095 | Lair:2   | Reached skill level 1 in Evocations
 10122 | Lair:2   | Reached skill level 4 in Spellcasting
 10122 | Lair:2   | Reached skill level 2 in Evocations
 10161 | Lair:2   | Reached skill level 3 in Evocations
 10275 | Lair:2   | Reached skill level 5 in Spellcasting
 10384 | Lair:2   | Reached skill level 4 in Evocations
 10505 | Lair:2   | Reached XP level 12. HP: 64/70 MP: 21/25
 10558 | Lair:2   | Reached **** piety under Ashenzari
 10592 | Lair:2   | Reached skill level 6 in Spellcasting
 10612 | Lair:2   | Reached skill level 7 in Spellcasting
 11247 | Lair:3   | Reached skill level 4 in Air Magic
 11361 | Lair:3   | Reached skill level 6 in Translocations
 11581 | Lair:3   | Reached skill level 5 in Air Magic
 11717 | Lair:3   | Found a staircase to the Snake Pit.
 11859 | Lair:3   | Noticed a seven-headed hydra
 11871 | Lair:3   | Killed a seven-headed hydra
 11871 | Lair:3   | Noticed a four-headed hydra
 11872 | Lair:3   | Reached skill level 1 in Shields
 11887 | Lair:3   | Killed a four-headed hydra
 11888 | Lair:3   | Reached skill level 7 in Translocations
 11941 | Lair:3   | Reached skill level 2 in Shields
 11958 | Lair:3   | Found a staircase to the Swamp.
 12112 | Lair:4   | Reached skill level 6 in Air Magic
 12216 | Lair:4   | Learned a level 4 spell: Manifold Assault
 12222 | Lair:4   | Learned a level 5 spell: Summon Forest
 12298 | Lair:4   | Reached skill level 3 in Shields
 12345 | Lair:4   | Noticed a skyshark
 12366 | Lair:4   | Killed a skyshark
 12381 | Lair:4   | Found a viscous altar of Jiyva.
 12383 | Lair:4   | Found a staircase to the Slime Pits.
 12405 | Lair:4   | Reached skill level 8 in Translocations
 12412 | Lair:4   | Reached XP level 13. HP: 74/74 MP: 28/28
 12427 | Lair:4   | Reached skill level 4 in Shields
 12445 | Lair:4   | Identified the +9 quarterstaff of Ownyzaj {pain, rPois rF+
                  | SInv}
 12847 | Lair:5   | Entered Level 5 of the Lair of Beasts
 12891 | Lair:5   | Reached skill level 5 in Shields
 12932 | Lair:5   | Reached skill level 9 in Translocations
 13080 | Lair:5   | Reached skill level 6 in Shields
 13285 | Lair:5   | Reached skill level 7 in Shields
 13452 | Lair:5   | Reached skill level 8 in Shields
 13540 | Lair:5   | Reached skill level 9 in Shields
 14169 | D:11     | Found Gixacziefu's Book Shop.
 14200 | D:11     | Reached XP level 14. HP: 70/79 MP: 27/29
 14275 | D:11     | Reached skill level 10 in Shields
 14288 | D:11     | Reached skill level 1 in Summonings
 14494 | D:11     | Reached skill level 2 in Summonings
 14801 | D:11     | Found a staircase to the Orcish Mines.
 14833 | D:11     | Reached ***** piety under Ashenzari
 14969 | D:12     | Noticed Maurice
 15005 | D:12     | Reached skill level 3 in Summonings
 15029 | D:12     | Killed Maurice
 15066 | D:12     | Reached skill level 4 in Summonings
 15332 | D:12     | Reached skill level 5 in Summonings
 15402 | D:12     | Noticed Snorg
 15433 | D:12     | Killed Snorg
 15546 | D:12     | Reached skill level 6 in Summonings
 16101 | D:13     | Reached skill level 7 in Summonings
 16829 | D:13     | Reached skill level 2 in Dodging
 17016 | Orc:1    | Entered Level 1 of the Orcish Mines
 17152 | Orc:2    | Entered Level 2 of the Orcish Mines
 17154 | Orc:2    | Found Ytogy's Antique Armour Emporium.
 17418 | Orc:2    | Reached skill level 8 in Summonings
 17470 | Orc:2    | Found a staircase to the Elven Halls.
 17476 | Orc:2    | Reached skill level 3 in Dodging
 17536 | Orc:2    | Reached XP level 15. HP: 84/86 MP: 30/32
 17545 | Orc:2    | Found Alifuh's Jewellery Boutique.
 17546 | Orc:2    | Found Gufoa's Assorted Antiques.
 17642 | Orc:2    | Reached skill level 4 in Dodging
 17645 | Orc:2    | Found Feunk's Assorted Antiques.
 17697 | Orc:2    | Reached skill level 9 in Summonings
 17707 | Orc:2    | Found Zufum's Jewellery Boutique.
 17720 | Orc:2    | Bought a wizard robe for 199 gold pieces
 17720 | Orc:2    | Identified the +3 robe "Huoclyox" {Dex+2} (You bought it in
                  | a shop on level 2 of the Orcish Mines)
 17794 | Orc:2    | Found a dark tunnel.
 17804 | Volcano  | Entered a volcano
 17925 | Volcano  | Reached skill level 11 in Shields
 18375 | Orc:2    | Noticed Nessos
 18387 | Orc:2    | Reached skill level 5 in Dodging
 18387 | Orc:2    | Killed Nessos
 18506 | Orc:2    | Found Pihuj's Magic Scroll Shoppe.
 18514 | Orc:2    | Bought a scroll of teleportation for 33 gold pieces
 18514 | Orc:2    | Bought a scroll of summoning for 104 gold pieces
 18542 | Orc:2    | Found Otyiluiq's Antique Weapon Shoppe.
 18586 | Orc:2    | Found Nemoygeoh's Book Shoppe.
 18642 | Orc:2    | Reached ****** piety under Ashenzari
 18718 | Orc:2    | Bought a ring of wizardry for 420 gold pieces
 18812 | D:11     | Bought a book of the Dragon for 672 gold pieces
 18812 | D:11     | Bought a book of Beasts for 608 gold pieces
 18820 | D:11     | Learned a level 7 spell: Monstrous Menagerie
 18830 | D:11     | Learned a level 9 spell: Dragon's Call
 18909 | D:14     | Noticed Agnes
 18924 | D:14     | Killed Agnes
 18984 | D:14     | Found a white marble altar of Elyvilon.
 19027 | D:14     | Found a gate to the Vaults.
 19046 | D:14     | Reached skill level 10 in Summonings
 19254 | D:14     | Reached skill level 12 in Shields
 19289 | D:14     | Reached skill level 11 in Summonings
 19438 | D:14     | Found a runed translucent door.
 19456 | D:14     | Found a runed translucent door.
 19456 | D:14     | Found a runed translucent door.
 19547 | D:14     | Reached XP level 16. HP: 92/92 MP: 33/33
 19601 | D:14     | Identified the +4 rapier of Cheibriados's Pride {spect,
                  | rPois}
 19601 | D:14     | Identified the +0 ring mail of Objectivity {-Tele Dex+5}
 19611 | D:14     | Reached skill level 12 in Summonings
 20067 | Orc:2    | Bought a shadowed robe for 142 gold pieces
 20067 | Orc:2    | Identified the +0 robe of Musuvane {Will- MP-9 Str+7} (You
                  | bought it in a shop on level 2 of the Orcish Mines)
 20125 | Orc:1    | Found a burning altar of Makhleb.
 20340 | D:15     | Entered Level 15 of the Dungeon
 20361 | D:15     | Identified the +6 arbalest of the Abyss {heavy, *Slow rC+++
                  | rCorr Dex-3}
 20638 | D:15     | Reached skill level 13 in Summonings
 20785 | D:15     | Noticed Azrael
 20785 | D:15     | Noticed Kirke
 20816 | D:15     | Killed Azrael
 20822 | D:15     | Killed Kirke
 21286 | D:15     | Found a staircase to the Depths.
 21334 | D:15     | Noticed Louise
 21505 | D:15     | Killed Louise
 21519 | D:15     | Found a sparkling altar of Nemelex Xobeh.
 21530 | D:15     | Reached skill level 14 in Summonings
 21978 | Snake:1  | Entered Level 1 of the Snake Pit
 22075 | Snake:1  | Noticed Asterion
 22094 | Snake:1  | Killed Asterion
 22699 | Snake:1  | Identified the cursed +9 demon whip of Ashenzari's Urgency
                  | {spect, Melee, Comp} (You took it off Asterion on level 1
                  | of the Snake Pit)
 22707 | Snake:1  | Identified the cursed +9 demon whip of Ashenzari's Urgency
                  | {spect, Melee, Comp} (You took it off Asterion on level 1
                  | of the Snake Pit)
 22708 | Snake:1  | Identified the cursed +9 demon whip of Ashenzari's Urgency
                  | {spect, Melee, Comp} (You took it off Asterion on level 1
                  | of the Snake Pit)
 22710 | Snake:1  | Reached skill level 15 in Summonings
 23146 | Snake:1  | Identified the cursed +9 demon whip of Ashenzari's Urgency
                  | {spect, Melee, Comp} (You took it off Asterion on level 1
                  | of the Snake Pit)
 23153 | Snake:1  | Identified the cursed +9 demon whip of Ashenzari's Urgency
                  | {spect, Melee, Comp} (You took it off Asterion on level 1
                  | of the Snake Pit)
 23157 | Snake:1  | Identified the cursed +9 demon whip of Ashenzari's Urgency
                  | {spect, Melee, Comp} (You took it off Asterion on level 1
                  | of the Snake Pit)
 23159 | Snake:1  | Identified the cursed +9 demon whip of Ashenzari's Urgency
                  | {spect, Melee, Comp} (You took it off Asterion on level 1
                  | of the Snake Pit)
 23161 | Snake:1  | Identified the cursed +9 demon whip of Ashenzari's Urgency
                  | {spect, Melee, Comp} (You took it off Asterion on level 1
                  | of the Snake Pit)
 23164 | Snake:1  | Identified the cursed +9 demon whip of Ashenzari's Urgency
                  | {spect, Melee, Comp} (You took it off Asterion on level 1
                  | of the Snake Pit)
 23420 | Snake:1  | Identified the cursed +9 demon whip of Ashenzari's Urgency
                  | {spect, Melee, Comp} (You took it off Asterion on level 1
                  | of the Snake Pit)
 23424 | Snake:1  | Identified the cursed +9 demon whip of Ashenzari's Urgency
                  | {spect, Melee, Comp} (You took it off Asterion on level 1
                  | of the Snake Pit)
 23695 | Snake:2  | Identified the scarf "Qotoqiu" {harm, Rampage rN+ Int-2}
 23695 | Snake:2  | Identified the cursed +9 demon whip of Ashenzari's Urgency
                  | {spect, Melee, Comp} (You took it off Asterion on level 1
                  | of the Snake Pit)
 23776 | Snake:2  | Identified the cursed +9 demon whip of Ashenzari's Urgency
                  | {spect, Melee, Comp} (You took it off Asterion on level 1
                  | of the Snake Pit)
 23782 | Snake:2  | Identified the cursed +9 demon whip of Ashenzari's Urgency
                  | {spect, Melee, Comp} (You took it off Asterion on level 1
                  | of the Snake Pit)
 23787 | Snake:2  | Identified the cursed +9 demon whip of Ashenzari's Urgency
                  | {spect, Melee, Comp} (You took it off Asterion on level 1
                  | of the Snake Pit)
 23881 | Snake:2  | Identified the cursed +9 demon whip of Ashenzari's Urgency
                  | {spect, Melee, Comp} (You took it off Asterion on level 1
                  | of the Snake Pit)
 23883 | Snake:2  | Reached skill level 16 in Summonings
 23958 | Snake:2  | Identified the cursed +9 demon whip of Ashenzari's Urgency
                  | {spect, Melee, Comp} (You took it off Asterion on level 1
                  | of the Snake Pit)
 24008 | Snake:2  | Identified the cursed +9 demon whip of Ashenzari's Urgency
                  | {spect, Melee, Comp} (You took it off Asterion on level 1
                  | of the Snake Pit)
 24066 | Snake:2  | Noticed Vashnia
 24067 | Snake:2  | Identified the cursed +9 demon whip of Ashenzari's Urgency
                  | {spect, Melee, Comp} (You took it off Asterion on level 1
                  | of the Snake Pit)
 24338 | Snake:2  | Killed Vashnia
 24339 | Snake:2  | Reached XP level 17. HP: 72/93 MP: 14/33
 24342 | Snake:2  | Identified the cursed +9 demon whip of Ashenzari's Urgency
                  | {spect, Melee, Comp} (You took it off Asterion on level 1
                  | of the Snake Pit)
 24491 | Snake:2  | Noticed Jorgrun
 24500 | Snake:2  | Killed Jorgrun
 24603 | Snake:2  | Identified the cursed +9 demon whip of Ashenzari's Urgency
                  | {spect, Melee, Comp} (You took it off Asterion on level 1
                  | of the Snake Pit)
 24709 | Snake:3  | Identified the cursed +9 demon whip of Ashenzari's Urgency
                  | {spect, Melee, Comp} (You took it off Asterion on level 1
                  | of the Snake Pit)
 24715 | Snake:3  | Identified the cursed +9 demon whip of Ashenzari's Urgency
                  | {spect, Melee, Comp} (You took it off Asterion on level 1
                  | of the Snake Pit)
 24718 | Snake:3  | Noticed Aizul
 24719 | Snake:3  | Identified the cursed +9 demon whip of Ashenzari's Urgency
                  | {spect, Melee, Comp} (You took it off Asterion on level 1
                  | of the Snake Pit)
 24721 | Snake:3  | Identified the cursed +9 demon whip of Ashenzari's Urgency
                  | {spect, Melee, Comp} (You took it off Asterion on level 1
                  | of the Snake Pit)
 24732 | Snake:3  | Killed Aizul
 24850 | Snake:3  | Identified the cursed +9 demon whip of Ashenzari's Urgency
                  | {spect, Melee, Comp} (You took it off Asterion on level 1
                  | of the Snake Pit)
 24876 | Snake:3  | Found Luzurini's Magic Scroll Boutique.
 24881 | Snake:3  | Found Liewou's Distillery.
 24881 | Snake:3  | Found Pebuhiz's Armour Shop.
 24886 | Snake:3  | Found Sione's General Store.
 24886 | Snake:3  | Identified the cursed +9 demon whip of Ashenzari's Urgency
                  | {spect, Melee, Comp} (You took it off Asterion on level 1
                  | of the Snake Pit)
 24951 | Snake:3  | Identified the cursed +9 demon whip of Ashenzari's Urgency
                  | {spect, Melee, Comp} (You took it off Asterion on level 1
                  | of the Snake Pit)
 24954 | Snake:3  | Reached skill level 17 in Summonings
 24961 | Snake:3  | Bought a scroll of fear for 40 gold pieces
 24961 | Snake:3  | Bought a scroll of fog for 40 gold pieces
 25017 | Snake:3  | Identified the cursed +9 demon whip of Ashenzari's Urgency
                  | {spect, Melee, Comp} (You took it off Asterion on level 1
                  | of the Snake Pit)
 25047 | Snake:3  | Identified the cursed +9 demon whip of Ashenzari's Urgency
                  | {spect, Melee, Comp} (You took it off Asterion on level 1
                  | of the Snake Pit)
 25049 | Snake:3  | Identified the cursed +9 demon whip of Ashenzari's Urgency
                  | {spect, Melee, Comp} (You took it off Asterion on level 1
                  | of the Snake Pit)
 25051 | Snake:3  | Identified the cursed +9 demon whip of Ashenzari's Urgency
                  | {spect, Melee, Comp} (You took it off Asterion on level 1
                  | of the Snake Pit)
 25166 | Snake:3  | Identified the cursed +9 demon whip of Ashenzari's Urgency
                  | {spect, Melee, Comp} (You took it off Asterion on level 1
                  | of the Snake Pit)
 25298 | Snake:3  | Identified the cursed +9 demon whip of Ashenzari's Urgency
                  | {spect, Melee, Comp} (You took it off Asterion on level 1
                  | of the Snake Pit)
 25363 | Snake:3  | Identified the cursed +9 demon whip of Ashenzari's Urgency
                  | {spect, Melee, Comp} (You took it off Asterion on level 1
                  | of the Snake Pit)
 25366 | Snake:3  | Identified the cursed +9 demon whip of Ashenzari's Urgency
                  | {spect, Melee, Comp} (You took it off Asterion on level 1
                  | of the Snake Pit)
 25571 | Snake:4  | Entered Level 4 of the Snake Pit
 25578 | Snake:4  | Identified the cursed +9 demon whip of Ashenzari's Urgency
                  | {spect, Melee, Comp} (You took it off Asterion on level 1
                  | of the Snake Pit)
 25869 | Snake:4  | Identified the cursed +9 demon whip of Ashenzari's Urgency
                  | {spect, Melee, Comp} (You took it off Asterion on level 1
                  | of the Snake Pit)
 25871 | Snake:4  | Found a bloodstained altar of Trog.
 25871 | Snake:4  | Identified the cursed +9 demon whip of Ashenzari's Urgency
                  | {spect, Melee, Comp} (You took it off Asterion on level 1
                  | of the Snake Pit)
 25873 | Snake:4  | Identified the cursed +9 demon whip of Ashenzari's Urgency
                  | {spect, Melee, Comp} (You took it off Asterion on level 1
                  | of the Snake Pit)
 25889 | Snake:4  | Identified the ring "Unnez" {*Slow Str+5 Dex+6}
 25958 | Snake:4  | Noticed Igomp's ghost (adept MiBe)
 26018 | Snake:4  | Noticed Nikola
 26025 | Snake:4  | Killed Nikola
 26165 | Snake:4  | Identified the cursed +9 demon whip of Ashenzari's Urgency
                  | {spect, Melee, Comp} (You took it off Asterion on level 1
                  | of the Snake Pit)
 26174 | Snake:4  | Found a transporter.
 26190 | Snake:4  | Found a transporter.
 26283 | Snake:4  | Identified the cursed +9 demon whip of Ashenzari's Urgency
                  | {spect, Melee, Comp} (You took it off Asterion on level 1
                  | of the Snake Pit)
 26395 | Snake:4  | Identified the cursed +9 demon whip of Ashenzari's Urgency
                  | {spect, Melee, Comp} (You took it off Asterion on level 1
                  | of the Snake Pit)
 26406 | Snake:4  | Reached skill level 18 in Summonings
 26407 | Snake:4  | Identified the cursed +9 demon whip of Ashenzari's Urgency
                  | {spect, Melee, Comp} (You took it off Asterion on level 1
                  | of the Snake Pit)
 26414 | Snake:4  | Identified the cursed +9 demon whip of Ashenzari's Urgency
                  | {spect, Melee, Comp} (You took it off Asterion on level 1
                  | of the Snake Pit)
 26471 | Snake:4  | Identified the cursed +9 demon whip of Ashenzari's Urgency
                  | {spect, Melee, Comp} (You took it off Asterion on level 1
                  | of the Snake Pit)
 26513 | Snake:4  | Identified the cursed +9 demon whip of Ashenzari's Urgency
                  | {spect, Melee, Comp} (You took it off Asterion on level 1
                  | of the Snake Pit)
 26542 | Snake:4  | Identified the cursed +9 demon whip of Ashenzari's Urgency
                  | {spect, Melee, Comp} (You took it off Asterion on level 1
                  | of the Snake Pit)
 26545 | Snake:4  | Identified the cursed +9 demon whip of Ashenzari's Urgency
                  | {spect, Melee, Comp} (You took it off Asterion on level 1
                  | of the Snake Pit)
 26547 | Snake:4  | Identified the cursed +9 demon whip of Ashenzari's Urgency
                  | {spect, Melee, Comp} (You took it off Asterion on level 1
                  | of the Snake Pit)
 26552 | Snake:4  | Identified the cursed +9 demon whip of Ashenzari's Urgency
                  | {spect, Melee, Comp} (You took it off Asterion on level 1
                  | of the Snake Pit)
 26565 | Snake:4  | Identified the cursed +9 demon whip of Ashenzari's Urgency
                  | {spect, Melee, Comp} (You took it off Asterion on level 1
                  | of the Snake Pit)
 26574 | Snake:4  | Identified the cursed +9 demon whip of Ashenzari's Urgency
                  | {spect, Melee, Comp} (You took it off Asterion on level 1
                  | of the Snake Pit)
 26575 | Snake:4  | Identified the cursed +9 demon whip of Ashenzari's Urgency
                  | {spect, Melee, Comp} (You took it off Asterion on level 1
                  | of the Snake Pit)
 26577 | Snake:4  | Identified the cursed +9 demon whip of Ashenzari's Urgency
                  | {spect, Melee, Comp} (You took it off Asterion on level 1
                  | of the Snake Pit)
 26608 | Snake:4  | Identified the cursed +9 demon whip of Ashenzari's Urgency
                  | {spect, Melee, Comp} (You took it off Asterion on level 1
                  | of the Snake Pit)
 26610 | Snake:4  | Identified the cursed +9 demon whip of Ashenzari's Urgency
                  | {spect, Melee, Comp} (You took it off Asterion on level 1
                  | of the Snake Pit)
 26679 | Snake:4  | Identified the cursed +9 demon whip of Ashenzari's Urgency
                  | {spect, Melee, Comp} (You took it off Asterion on level 1
                  | of the Snake Pit)
 26693 | Snake:4  | Identified the cursed +9 demon whip of Ashenzari's Urgency
                  | {spect, Melee, Comp} (You took it off Asterion on level 1
                  | of the Snake Pit)
 26715 | Snake:4  | Reached skill level 8 in Spellcasting
 26715 | Snake:4  | Identified the cursed +9 demon whip of Ashenzari's Urgency
                  | {spect, Melee, Comp} (You took it off Asterion on level 1
                  | of the Snake Pit)
 26718 | Snake:4  | Identified the cursed +9 demon whip of Ashenzari's Urgency
                  | {spect, Melee, Comp} (You took it off Asterion on level 1
                  | of the Snake Pit)
 26719 | Snake:4  | Identified the cursed +9 demon whip of Ashenzari's Urgency
                  | {spect, Melee, Comp} (You took it off Asterion on level 1
                  | of the Snake Pit)
 26724 | Snake:4  | Identified the cursed +9 demon whip of Ashenzari's Urgency
                  | {spect, Melee, Comp} (You took it off Asterion on level 1
                  | of the Snake Pit)
 26730 | Snake:4  | Identified the cursed +9 demon whip of Ashenzari's Urgency
                  | {spect, Melee, Comp} (You took it off Asterion on level 1
                  | of the Snake Pit)
 26822 | Snake:4  | Identified the cursed +9 demon whip of Ashenzari's Urgency
                  | {spect, Melee, Comp} (You took it off Asterion on level 1
                  | of the Snake Pit)
 26828 | Snake:4  | Identified the cursed +9 demon whip of Ashenzari's Urgency
                  | {spect, Melee, Comp} (You took it off Asterion on level 1
                  | of the Snake Pit)
 26833 | Snake:4  | Identified the cursed +9 demon whip of Ashenzari's Urgency
                  | {spect, Melee, Comp} (You took it off Asterion on level 1
                  | of the Snake Pit)
 26865 | Snake:4  | Identified the cursed +9 demon whip of Ashenzari's Urgency
                  | {spect, Melee, Comp} (You took it off Asterion on level 1
                  | of the Snake Pit)
 26871 | Snake:4  | Identified the cursed +9 demon whip of Ashenzari's Urgency
                  | {spect, Melee, Comp} (You took it off Asterion on level 1
                  | of the Snake Pit)
 26872 | Snake:4  | Identified the cursed +9 demon whip of Ashenzari's Urgency
                  | {spect, Melee, Comp} (You took it off Asterion on level 1
                  | of the Snake Pit)
 26875 | Snake:4  | Identified the cursed +9 demon whip of Ashenzari's Urgency
                  | {spect, Melee, Comp} (You took it off Asterion on level 1
                  | of the Snake Pit)
 26885 | Snake:4  | Identified the cursed +9 demon whip of Ashenzari's Urgency
                  | {spect, Melee, Comp} (You took it off Asterion on level 1
                  | of the Snake Pit)
 26892 | Snake:4  | Identified the cursed +9 demon whip of Ashenzari's Urgency
                  | {spect, Melee, Comp} (You took it off Asterion on level 1
                  | of the Snake Pit)
 26972 | Snake:4  | Got a serpentine rune of Zot
 27149 | Swamp:1  | Entered Level 1 of the Swamp
 27155 | Swamp:1  | Identified the cursed +9 demon whip of Ashenzari's Urgency
                  | {spect, Melee, Comp} (You took it off Asterion on level 1
                  | of the Snake Pit)
 27159 | Swamp:1  | Identified the cursed +9 demon whip of Ashenzari's Urgency
                  | {spect, Melee, Comp} (You took it off Asterion on level 1
                  | of the Snake Pit)
 27160 | Swamp:1  | Identified the cursed +9 demon whip of Ashenzari's Urgency
                  | {spect, Melee, Comp} (You took it off Asterion on level 1
                  | of the Snake Pit)
 27178 | Swamp:1  | Identified the cursed +9 demon whip of Ashenzari's Urgency
                  | {spect, Melee, Comp} (You took it off Asterion on level 1
                  | of the Snake Pit)
 27202 | Swamp:1  | Identified the cursed +9 demon whip of Ashenzari's Urgency
                  | {spect, Melee, Comp} (You took it off Asterion on level 1
                  | of the Snake Pit)
 27251 | Swamp:1  | Identified the cursed +9 demon whip of Ashenzari's Urgency
                  | {spect, Melee, Comp} (You took it off Asterion on level 1
                  | of the Snake Pit)
 27276 | Swamp:1  | Identified the cursed +9 demon whip of Ashenzari's Urgency
                  | {spect, Melee, Comp} (You took it off Asterion on level 1
                  | of the Snake Pit)
 27277 | Swamp:1  | Reached XP level 18. HP: 98/98 MP: 25/35
 27281 | Swamp:1  | Identified the cursed +9 demon whip of Ashenzari's Urgency
                  | {spect, Melee, Comp} (You took it off Asterion on level 1
                  | of the Snake Pit)
 27285 | Swamp:1  | Identified the cursed +9 demon whip of Ashenzari's Urgency
                  | {spect, Melee, Comp} (You took it off Asterion on level 1
                  | of the Snake Pit)
 27297 | Swamp:1  | Identified the cursed +9 demon whip of Ashenzari's Urgency
                  | {spect, Melee, Comp} (You took it off Asterion on level 1
                  | of the Snake Pit)
 27558 | Swamp:1  | Identified the cursed +9 demon whip of Ashenzari's Urgency
                  | {spect, Melee, Comp} (You took it off Asterion on level 1
                  | of the Snake Pit)
 27562 | Swamp:1  | Identified the cursed +9 demon whip of Ashenzari's Urgency
                  | {spect, Melee, Comp} (You took it off Asterion on level 1
                  | of the Snake Pit)
 27828 | Swamp:2  | Reached skill level 9 in Spellcasting
 27833 | Swamp:2  | Identified the cursed +9 demon whip of Ashenzari's Urgency
                  | {spect, Melee, Comp} (You took it off Asterion on level 1
                  | of the Snake Pit)
 27882 | Swamp:2  | Identified the cursed +9 demon whip of Ashenzari's Urgency
                  | {spect, Melee, Comp} (You took it off Asterion on level 1
                  | of the Snake Pit)
 27885 | Swamp:2  | Identified the cursed +9 demon whip of Ashenzari's Urgency
                  | {spect, Melee, Comp} (You took it off Asterion on level 1
                  | of the Snake Pit)
 27891 | Swamp:2  | Identified the cursed +9 demon whip of Ashenzari's Urgency
                  | {spect, Melee, Comp} (You took it off Asterion on level 1
                  | of the Snake Pit)
 27947 | Swamp:2  | Identified the cursed +9 demon whip of Ashenzari's Urgency
                  | {spect, Melee, Comp} (You took it off Asterion on level 1
                  | of the Snake Pit)
 27949 | Swamp:2  | Identified the cursed +9 demon whip of Ashenzari's Urgency
                  | {spect, Melee, Comp} (You took it off Asterion on level 1
                  | of the Snake Pit)
 27965 | Swamp:2  | Identified the cursed +9 demon whip of Ashenzari's Urgency
                  | {spect, Melee, Comp} (You took it off Asterion on level 1
                  | of the Snake Pit)
 28008 | Swamp:2  | Identified the cursed +9 demon whip of Ashenzari's Urgency
                  | {spect, Melee, Comp} (You took it off Asterion on level 1
                  | of the Snake Pit)
 28010 | Swamp:2  | Identified the cursed +9 demon whip of Ashenzari's Urgency
                  | {spect, Melee, Comp} (You took it off Asterion on level 1
                  | of the Snake Pit)
 28021 | Swamp:2  | Identified the cursed +9 demon whip of Ashenzari's Urgency
                  | {spect, Melee, Comp} (You took it off Asterion on level 1
                  | of the Snake Pit)
 28023 | Swamp:2  | Identified the cursed +9 demon whip of Ashenzari's Urgency
                  | {spect, Melee, Comp} (You took it off Asterion on level 1
                  | of the Snake Pit)
 28027 | Swamp:2  | Identified the cursed +9 demon whip of Ashenzari's Urgency
                  | {spect, Melee, Comp} (You took it off Asterion on level 1
                  | of the Snake Pit)
 28085 | Swamp:2  | Identified the cursed +9 demon whip of Ashenzari's Urgency
                  | {spect, Melee, Comp} (You took it off Asterion on level 1
                  | of the Snake Pit)
 28090 | Swamp:2  | Reached skill level 19 in Summonings
 28242 | Swamp:2  | Identified the cursed +9 demon whip of Ashenzari's Urgency
                  | {spect, Melee, Comp} (You took it off Asterion on level 1
                  | of the Snake Pit)
 28255 | Swamp:2  | Identified the cursed +9 demon whip of Ashenzari's Urgency
                  | {spect, Melee, Comp} (You took it off Asterion on level 1
                  | of the Snake Pit)
 28258 | Swamp:2  | Identified the cursed +9 demon whip of Ashenzari's Urgency
                  | {spect, Melee, Comp} (You took it off Asterion on level 1
                  | of the Snake Pit)
 28319 | Swamp:2  | Identified the cursed +9 demon whip of Ashenzari's Urgency
                  | {spect, Melee, Comp} (You took it off Asterion on level 1
                  | of the Snake Pit)
 28324 | Swamp:2  | Identified the cursed +9 demon whip of Ashenzari's Urgency
                  | {spect, Melee, Comp} (You took it off Asterion on level 1
                  | of the Snake Pit)
 28431 | Swamp:2  | Identified the cursed +9 demon whip of Ashenzari's Urgency
                  | {spect, Melee, Comp} (You took it off Asterion on level 1
                  | of the Snake Pit)
 28447 | Swamp:2  | Identified the cursed +9 demon whip of Ashenzari's Urgency
                  | {spect, Melee, Comp} (You took it off Asterion on level 1
                  | of the Snake Pit)
 28532 | Swamp:2  | Identified the cursed +9 demon whip of Ashenzari's Urgency
                  | {spect, Melee, Comp} (You took it off Asterion on level 1
                  | of the Snake Pit)
 28554 | Swamp:2  | Identified the cursed +9 demon whip of Ashenzari's Urgency
                  | {spect, Melee, Comp} (You took it off Asterion on level 1
                  | of the Snake Pit)
 28556 | Swamp:2  | Reached skill level 13 in Shields
 28706 | Swamp:2  | Identified the cursed +9 demon whip of Ashenzari's Urgency
                  | {spect, Melee, Comp} (You took it off Asterion on level 1
                  | of the Snake Pit)
 28750 | Swamp:2  | Identified the cursed +9 demon whip of Ashenzari's Urgency
                  | {spect, Melee, Comp} (You took it off Asterion on level 1
                  | of the Snake Pit)
 28992 | Swamp:3  | Identified the cursed +9 demon whip of Ashenzari's Urgency
                  | {spect, Melee, Comp} (You took it off Asterion on level 1
                  | of the Snake Pit)
 29037 | Swamp:3  | Identified the cursed +9 demon whip of Ashenzari's Urgency
                  | {spect, Melee, Comp} (You took it off Asterion on level 1
                  | of the Snake Pit)
 29054 | Swamp:3  | Identified the cursed +9 demon whip of Ashenzari's Urgency
                  | {spect, Melee, Comp} (You took it off Asterion on level 1
                  | of the Snake Pit)
 29056 | Swamp:3  | Identified the cursed +9 demon whip of Ashenzari's Urgency
                  | {spect, Melee, Comp} (You took it off Asterion on level 1
                  | of the Snake Pit)
 29060 | Swamp:3  | Identified the cursed +9 demon whip of Ashenzari's Urgency
                  | {spect, Melee, Comp} (You took it off Asterion on level 1
                  | of the Snake Pit)
 29115 | Swamp:3  | Identified the cursed +9 demon whip of Ashenzari's Urgency
                  | {spect, Melee, Comp} (You took it off Asterion on level 1
                  | of the Snake Pit)
 29124 | Swamp:3  | Identified the cursed +9 demon whip of Ashenzari's Urgency
                  | {spect, Melee, Comp} (You took it off Asterion on level 1
                  | of the Snake Pit)
 29126 | Swamp:3  | Identified the cursed +9 demon whip of Ashenzari's Urgency
                  | {spect, Melee, Comp} (You took it off Asterion on level 1
                  | of the Snake Pit)
 29172 | Swamp:3  | Reached skill level 10 in Spellcasting
 29174 | Swamp:3  | Identified the cursed +9 demon whip of Ashenzari's Urgency
                  | {spect, Melee, Comp} (You took it off Asterion on level 1
                  | of the Snake Pit)
 29181 | Swamp:3  | Identified the cursed +9 demon whip of Ashenzari's Urgency
                  | {spect, Melee, Comp} (You took it off Asterion on level 1
                  | of the Snake Pit)
 29191 | Swamp:3  | Identified the cursed +9 demon whip of Ashenzari's Urgency
                  | {spect, Melee, Comp} (You took it off Asterion on level 1
                  | of the Snake Pit)
 29228 | Swamp:3  | Identified the cursed +9 demon whip of Ashenzari's Urgency
                  | {spect, Melee, Comp} (You took it off Asterion on level 1
                  | of the Snake Pit)
 29232 | Swamp:3  | Identified the cursed +9 demon whip of Ashenzari's Urgency
                  | {spect, Melee, Comp} (You took it off Asterion on level 1
                  | of the Snake Pit)
 29235 | Swamp:3  | Identified the cursed +9 demon whip of Ashenzari's Urgency
                  | {spect, Melee, Comp} (You took it off Asterion on level 1
                  | of the Snake Pit)
 29238 | Swamp:3  | Identified the cursed +9 demon whip of Ashenzari's Urgency
                  | {spect, Melee, Comp} (You took it off Asterion on level 1
                  | of the Snake Pit)
 29370 | Swamp:3  | Identified the cursed +9 demon whip of Ashenzari's Urgency
                  | {spect, Melee, Comp} (You took it off Asterion on level 1
                  | of the Snake Pit)
 29503 | Swamp:3  | Identified the cursed +9 demon whip of Ashenzari's Urgency
                  | {spect, Melee, Comp} (You took it off Asterion on level 1
                  | of the Snake Pit)
 29509 | Swamp:3  | Identified the cursed +9 demon whip of Ashenzari's Urgency
                  | {spect, Melee, Comp} (You took it off Asterion on level 1
                  | of the Snake Pit)
 29511 | Swamp:3  | Identified the cursed +9 demon whip of Ashenzari's Urgency
                  | {spect, Melee, Comp} (You took it off Asterion on level 1
                  | of the Snake Pit)
 29582 | Swamp:3  | Identified the cursed +9 demon whip of Ashenzari's Urgency
                  | {spect, Melee, Comp} (You took it off Asterion on level 1
                  | of the Snake Pit)
 29607 | Swamp:3  | Identified the cursed +9 demon whip of Ashenzari's Urgency
                  | {spect, Melee, Comp} (You took it off Asterion on level 1
                  | of the Snake Pit)
 29648 | Swamp:3  | Identified the cursed +9 demon whip of Ashenzari's Urgency
                  | {spect, Melee, Comp} (You took it off Asterion on level 1
                  | of the Snake Pit)
 29791 | Swamp:4  | Entered Level 4 of the Swamp
 29793 | Swamp:4  | Identified the cursed +9 demon whip of Ashenzari's Urgency
                  | {spect, Melee, Comp} (You took it off Asterion on level 1
                  | of the Snake Pit)
 29804 | Swamp:4  | Identified the cursed +9 demon whip of Ashenzari's Urgency
                  | {spect, Melee, Comp} (You took it off Asterion on level 1
                  | of the Snake Pit)
 29811 | Swamp:4  | Identified the cursed +9 demon whip of Ashenzari's Urgency
                  | {spect, Melee, Comp} (You took it off Asterion on level 1
                  | of the Snake Pit)
 29813 | Swamp:4  | Identified the cursed +9 demon whip of Ashenzari's Urgency
                  | {spect, Melee, Comp} (You took it off Asterion on level 1
                  | of the Snake Pit)
 29859 | Swamp:4  | Identified the cursed +9 demon whip of Ashenzari's Urgency
                  | {spect, Melee, Comp} (You took it off Asterion on level 1
                  | of the Snake Pit)
 29882 | Swamp:4  | Identified the cursed +9 demon whip of Ashenzari's Urgency
                  | {spect, Melee, Comp} (You took it off Asterion on level 1
                  | of the Snake Pit)
 29907 | Swamp:4  | Identified the cursed +9 demon whip of Ashenzari's Urgency
                  | {spect, Melee, Comp} (You took it off Asterion on level 1
                  | of the Snake Pit)
 29910 | Swamp:4  | Identified the cursed +9 demon whip of Ashenzari's Urgency
                  | {spect, Melee, Comp} (You took it off Asterion on level 1
                  | of the Snake Pit)
 29912 | Swamp:4  | Identified the cursed +9 demon whip of Ashenzari's Urgency
                  | {spect, Melee, Comp} (You took it off Asterion on level 1
                  | of the Snake Pit)
 29957 | Swamp:4  | Identified the cursed +9 demon whip of Ashenzari's Urgency
                  | {spect, Melee, Comp} (You took it off Asterion on level 1
                  | of the Snake Pit)
 30120 | Snake:3  | Bought the +2 helmet of Honour {rF++ Str-2 Int+6} for 948
                  | gold pieces
 30354 | Swamp:4  | Identified a scroll of acquirement
 30365 | Swamp:4  | Identified the cursed +9 demon whip of Ashenzari's Urgency
                  | {spect, Melee, Comp} (You took it off Asterion on level 1
                  | of the Snake Pit)
 30370 | Swamp:4  | Identified the cursed +9 demon whip of Ashenzari's Urgency
                  | {spect, Melee, Comp} (You took it off Asterion on level 1
                  | of the Snake Pit)
 30372 | Swamp:4  | Identified the cursed +9 demon whip of Ashenzari's Urgency
                  | {spect, Melee, Comp} (You took it off Asterion on level 1
                  | of the Snake Pit)
 30373 | Swamp:4  | Identified the +0 battleaxe "Spiderslayer" {venom, rPois
                  | rC+ rN+ Str+3}
 30381 | Swamp:4  | Identified the cursed +9 demon whip of Ashenzari's Urgency
                  | {spect, Melee, Comp} (You took it off Asterion on level 1
                  | of the Snake Pit)
 30387 | Swamp:4  | Identified the cursed +9 demon whip of Ashenzari's Urgency
                  | {spect, Melee, Comp} (You took it off Asterion on level 1
                  | of the Snake Pit)
 30393 | Swamp:4  | Reached skill level 11 in Spellcasting
 30395 | Swamp:4  | Identified the cursed +9 demon whip of Ashenzari's Urgency
                  | {spect, Melee, Comp} (You took it off Asterion on level 1
                  | of the Snake Pit)
 30397 | Swamp:4  | Identified the cursed +9 demon whip of Ashenzari's Urgency
                  | {spect, Melee, Comp} (You took it off Asterion on level 1
                  | of the Snake Pit)
 30399 | Swamp:4  | Identified the cursed +9 demon whip of Ashenzari's Urgency
                  | {spect, Melee, Comp} (You took it off Asterion on level 1
                  | of the Snake Pit)
 30402 | Swamp:4  | Identified the cursed +9 demon whip of Ashenzari's Urgency
                  | {spect, Melee, Comp} (You took it off Asterion on level 1
                  | of the Snake Pit)
 30444 | Swamp:4  | Acquired 603 gold pieces
 30567 | Swamp:4  | Identified the cursed +9 demon whip of Ashenzari's Urgency
                  | {spect, Melee, Comp} (You took it off Asterion on level 1
                  | of the Snake Pit)
 30568 | Swamp:4  | Reached skill level 14 in Shields
 30580 | Swamp:4  | Identified the cursed +9 demon whip of Ashenzari's Urgency
                  | {spect, Melee, Comp} (You took it off Asterion on level 1
                  | of the Snake Pit)
 30583 | Swamp:4  | Reached XP level 19. HP: 101/102 MP: 36/38
 30586 | Swamp:4  | Reached skill level 9 in Fighting
 30608 | Swamp:4  | Identified the cursed +9 demon whip of Ashenzari's Urgency
                  | {spect, Melee, Comp} (You took it off Asterion on level 1
                  | of the Snake Pit)
 30615 | Swamp:4  | Identified the cursed +9 demon whip of Ashenzari's Urgency
                  | {spect, Melee, Comp} (You took it off Asterion on level 1
                  | of the Snake Pit)
 30661 | Swamp:4  | Identified the cursed +9 demon whip of Ashenzari's Urgency
                  | {spect, Melee, Comp} (You took it off Asterion on level 1
                  | of the Snake Pit)
 30677 | Swamp:4  | Identified the cursed +9 demon whip of Ashenzari's Urgency
                  | {spect, Melee, Comp} (You took it off Asterion on level 1
                  | of the Snake Pit)
 30688 | Swamp:4  | Identified the cursed +9 demon whip of Ashenzari's Urgency
                  | {spect, Melee, Comp} (You took it off Asterion on level 1
                  | of the Snake Pit)
 30827 | Swamp:4  | Got a decaying rune of Zot
 31365 | Vaults:1 | Entered Level 1 of the Vaults
 31438 | Vaults:1 | Identified the cursed +9 demon whip of Ashenzari's Urgency
                  | {spect, Melee, Comp} (You took it off Asterion on level 1
                  | of the Snake Pit)
 31458 | Vaults:1 | Identified the cursed +9 demon whip of Ashenzari's Urgency
                  | {spect, Melee, Comp} (You took it off Asterion on level 1
                  | of the Snake Pit)
 31464 | Vaults:1 | Identified the cursed +9 demon whip of Ashenzari's Urgency
                  | {spect, Melee, Comp} (You took it off Asterion on level 1
                  | of the Snake Pit)
 31481 | Vaults:1 | Identified the cursed +9 demon whip of Ashenzari's Urgency
                  | {spect, Melee, Comp} (You took it off Asterion on level 1
                  | of the Snake Pit)
 31546 | Vaults:1 | Identified the cursed +9 demon whip of Ashenzari's Urgency
                  | {spect, Melee, Comp} (You took it off Asterion on level 1
                  | of the Snake Pit)
 31710 | Vaults:1 | Identified the cursed +9 demon whip of Ashenzari's Urgency
                  | {spect, Melee, Comp} (You took it off Asterion on level 1
                  | of the Snake Pit)
 31720 | Vaults:1 | Identified the cursed +9 demon whip of Ashenzari's Urgency
                  | {spect, Melee, Comp} (You took it off Asterion on level 1
                  | of the Snake Pit)
 31747 | Vaults:1 | Identified the cursed +9 demon whip of Ashenzari's Urgency
                  | {spect, Melee, Comp} (You took it off Asterion on level 1
                  | of the Snake Pit)
 31776 | Vaults:1 | Identified the cursed +9 demon whip of Ashenzari's Urgency
                  | {spect, Melee, Comp} (You took it off Asterion on level 1
                  | of the Snake Pit)
 31792 | Vaults:1 | Identified the cursed +9 demon whip of Ashenzari's Urgency
                  | {spect, Melee, Comp} (You took it off Asterion on level 1
                  | of the Snake Pit)
 31794 | Vaults:1 | Identified the cursed +9 demon whip of Ashenzari's Urgency
                  | {spect, Melee, Comp} (You took it off Asterion on level 1
                  | of the Snake Pit)
 31797 | Vaults:1 | Identified the cursed +9 demon whip of Ashenzari's Urgency
                  | {spect, Melee, Comp} (You took it off Asterion on level 1
                  | of the Snake Pit)
 31800 | Vaults:1 | Reached skill level 12 in Spellcasting
 31801 | Vaults:1 | Identified the cursed +9 demon whip of Ashenzari's Urgency
                  | {spect, Melee, Comp} (You took it off Asterion on level 1
                  | of the Snake Pit)
 31894 | Vaults:1 | Identified the cursed +9 demon whip of Ashenzari's Urgency
                  | {spect, Melee, Comp} (You took it off Asterion on level 1
                  | of the Snake Pit)
 31948 | Vaults:1 | Identified the cursed +9 demon whip of Ashenzari's Urgency
                  | {spect, Melee, Comp} (You took it off Asterion on level 1
                  | of the Snake Pit)
 31954 | Vaults:1 | Identified the cursed +9 demon whip of Ashenzari's Urgency
                  | {spect, Melee, Comp} (You took it off Asterion on level 1
                  | of the Snake Pit)
 32050 | Vaults:1 | Identified the cursed +9 demon whip of Ashenzari's Urgency
                  | {spect, Melee, Comp} (You took it off Asterion on level 1
                  | of the Snake Pit)
 32092 | Vaults:1 | Identified the cursed +9 demon whip of Ashenzari's Urgency
                  | {spect, Melee, Comp} (You took it off Asterion on level 1
                  | of the Snake Pit)
 32168 | Vaults:1 | Identified the cursed +9 demon whip of Ashenzari's Urgency
                  | {spect, Melee, Comp} (You took it off Asterion on level 1
                  | of the Snake Pit)
 32174 | Vaults:1 | Reached skill level 10 in Fighting
 32315 | Vaults:1 | Identified the cursed +9 demon whip of Ashenzari's Urgency
                  | {spect, Melee, Comp} (You took it off Asterion on level 1
                  | of the Snake Pit)
 32434 | Vaults:1 | Identified the cursed +9 demon whip of Ashenzari's Urgency
                  | {spect, Melee, Comp} (You took it off Asterion on level 1
                  | of the Snake Pit)
 32798 | Vaults:2 | Identified the cursed +9 demon whip of Ashenzari's Urgency
                  | {spect, Melee, Comp} (You took it off Asterion on level 1
                  | of the Snake Pit)
 32807 | Vaults:2 | Identified the cursed +9 demon whip of Ashenzari's Urgency
                  | {spect, Melee, Comp} (You took it off Asterion on level 1
                  | of the Snake Pit)
 32845 | Vaults:2 | Found Toryrykk's Assorted Antiques.
 32883 | Vaults:2 | Found Gatoj's General Store.
 32891 | Vaults:2 | Bought a wand of roots (3) for 129 gold pieces
 32902 | Vaults:2 | Found Loewameb's Assorted Antiques.
 33029 | Vaults:2 | Identified the cursed +9 demon whip of Ashenzari's Urgency
                  | {spect, Melee, Comp} (You took it off Asterion on level 1
                  | of the Snake Pit)
 33029 | Vaults:2 | Mangled by an orc warlord

Illustrated notes

Levels and vault maps discovered:
D:1:      minmay_arrival_widening_spiral_narrow, layout_loops_cross,
          dilly_ecumenical_altar_fadedgnrine, chequers_serial_rivers_micro_b
D:2:      layout_loops_cross, wander_ebering_terrifying_dragon_lair
D:3:      layout_rooms, chequers_serial_rivers_large_a, uniq_natasha
D:4:      kennysheep_slugbush, layout_basic
D:5:      layout_gridville, gup_sewer_entry_bubbles
D:6:      layout_basic, minmay_temple_entry_hall, serial_rivers,
          chequers_serial_rivers_small_b, chequers_serial_rivers_small_a,
          chequers_serial_rivers_small_b, chequers_serial_rivers_micro_d
D:7:      layout_basic, enter_bailey_3
D:8:      nicolae_cairo_tiling_large_dashed, layout_rooms,
          grunt_temple_overflow_opulence, serial_shops, shop, special_room
          [special_room_orc]
D:9:      layout_loops_corners
D:10:     layout_rooms, david_lair_shrubbed, nicolae_the_louvre
D:11:     layout_loops_ring, orc_0_dummy, serial_shops,
          nicolae_shop_competitors_out_of_business,
          hangedman_abyss_or_decor_slice, hangedman_decor_riveting,
          minmay_misc_feat_ornament
D:12:     layout_roguey, serial_undead, serial_undead_c, serial_undead_f,
          serial_undead_c, serial_undead_f, uniq_maurice, uniq_snorg
D:13:     layout_stronghold
D:14:     minmay_the_grid_triangle_9x9_recursive_3_mashed
          [minmay_the_grid_triangle_9x9_steps,
          minmay_the_grid_triangle_9x9_minimal,
          minmay_the_grid_triangle_9x9_flanged_cone,
          minmay_the_grid_triangle_9x9_prize_schism,
          minmay_the_grid_triangle_9x9_sprig,
          minmay_the_grid_triangle_9x9_dagger,
          minmay_the_grid_triangle_9x9_fully_insulated_deathbox,
          minmay_the_grid_triangle_9x9_checkered,
          minmay_the_grid_triangle_9x9_zippers_vertical], layout_rooms,
          erik_vaults_2, basic_altar, uniq_agnes
D:15:     grunt_enter_depths_snipers, layout_basic, serial_glass,
          glass_columns_b, glass_columns_b, nemelex_xobeh_ov_fountains_minmay,
          chequers_decorated_corner, uniq_azrael, uniq_louise, uniq_kirke
Temple:   nicolae_temple_slightly_damp_pantheon
Lair:1:   layout_roguey, tgw_fedhas, infiniplex_staircase_pool_2,
          grunt_megastairs_4
Lair:2:   layout_cave_pods, lemuel_fruit_fields
Lair:3:   layout_regular_city, palyth_hydra_swamp_entry, dummy_snake_entry
Lair:4:   layout_concentric_octagons, slime_entry_1,
          chequers_serial_rivers_marsh, minivault_25, infiniplex_staircase_pool
Lair:5:   cheibrodos_lair_end_hotspot, layout_gridlike
Swamp:1:  layout_basic_swamp, evilmike_swamp_ruin_rubble_2
Swamp:2:  layout_basic_swamp, hangedman_swamp_cone, swamp_pool2,
          nicolae_swamp_nymph_family_reunion
Swamp:3:  layout_falls_marsh, serial_swamp_ruin, evilmike_swamp_ruin_house_6,
          hangedman_swamp_ruin_wall, evilmike_swamp_ruin_house_3, swamp_pool2
Swamp:4:  swamp_basic_johnstein, layout_basic_swamp, swamp_pool5
Snake:1:  layout_chambers, nicolae_triple_integral, uniq_asterion
Snake:2:  layout_rooms, uniq_vashnia, uniq_jorgrun
Snake:3:  layout_misc_corridors, minmay_shoptagon, uniq_aizul
Snake:4:  johnstein_snake_rune_scales, layout_layer_cave,
          gammafunk_ghost_wrathful_warriors, uniq_nikola
Orc:1:    layout_caves, basic_altar
Orc:2:    st_orc_open, layout_caves, serial_shops, shop, shop, shop, shop,
          basic_altar, lightli_volcano_entry_magma_tube, uniq_nessos
Vaults:1: nicolae_vaults_three_branches, grunt_vaults_hallway_long,
          nicolae_vaults_double_plus_2, nicolae_vaults_security_offices_2,
          nicolae_vaults_closet_pinwheel_6, nicolae_vaults_heart-shaped_vault,
          nicolae_vaults_wine_cellar, vaults_room_pools, serial_ice_h,
          layout_vaults_quadrants
Vaults:2: vaults_dpeg_hooks, nicolae_vaults_swerve,
          nicolae_vaults_little_squares_2, ontoclasm_vaults_tryst,
          nicolae_vaults_octothorpe, dpeg_vaults_monster_doublerow,
          nicolae_vaults_closet_pinwheel_5, v_misc_15, vaults_room_pools,
          vaults_mumra_hex, nicolae_vaults_apartment_1, layout_vaults_ring,
          serial_shops, nicolae_shop_stone, nicolae_shop_tiny_statue_garden,
          nicolae_shop_back_alley_shop, nicolae_shop_stone, nicolae_square_shop

Skill      XL: |  1  2  3  4  5  6  7  8  9 10 11 12 13 14 15 16 17 18 19 |
---------------+----------------------------------------------------------+-----
Stealth        | 2 3 |  3.0
Maces & Flails | 2 3 4 6 8 10 12 | 12.0
Fighting       | 2 3 4 6 8 10 | 10.2
Translocations | 5 8 9 |  9.3
Spellcasting   | 3 5 7 8 11 12 | 12.4
Air Magic      | 2 3 6 |  6.1
Armour         | 3 4 |  4.0
Evocations     | 4 |  4.0
Shields        | 3 9 10 12 14 | 14.7
Summonings     | 8 11 16 18 19 | 19.5
Dodging        | 3 5 |  5.8
Throwing       | |  0.8

Action                     |  1- 3 |  4- 6 |  7- 9 | 10-12 | 13-15 | 16-18 | 19-21 || total
---------------------------+-------+-------+-------+-------+-------+-------+-------++-------
  Melee: Mace              |    75 |    71 |       |       |       |       |       ||   146
         Bite              |    20 |    29 |   138 |   392 |   848 |   385 |    73 ||  1885
         Punch             |     1 |     1 |     6 |    15 |       |       |       ||    23
         Flail             |       |    23 |   141 |       |       |       |       ||   164
         Whip              |       |       |   289 |   940 |  1727 |   272 |       ||  3228
         Demon whip        |       |       |       |       |       |   552 |   124 ||   676
  Throw: Dart              |       |    19 |     2 |    11 |       |       |       ||    32
   Cast: Blink             |       |     1 |     1 |       |     1 |     1 |       ||     4
         Teleport Other    |       |       |     1 |       |       |       |       ||     1
         Vhi's Electric Ch |       |       |       |    19 |    22 |    83 |    13 ||   137
         Summon Forest     |       |       |       |       |    26 |    53 |     1 ||    80
         Monstrous Menager |       |       |       |       |     2 |    91 |       ||    93
         Dragon's Call     |       |       |       |       |       |     2 |    11 ||    13
 Invoke: Curse Item        |       |       |     1 |     6 |     4 |     3 |       ||    14
         Shatter the Chain |       |       |       |       |     2 |     2 |       ||     4
  Evoke: Wand              |       |       |     3 |       |     2 |     5 |       ||    10
    Use: Scroll            |     4 |     5 |     2 |       |     2 |    13 |       ||    26
         Potion            |       |     1 |     3 |       |     1 |       |       ||     5
   Stab: Sleeping          |     2 |     2 |     2 |     3 |     7 |     1 |     1 ||    18
         Distracted        |       |       |       |       |    12 |    33 |     4 ||    49
 Armour: Leather armour    |    49 |    31 |   124 |    18 |       |       |       ||   222
         Ring mail         |       |       |       |   245 |   512 |   309 |    48 ||  1114
  Dodge: Dodged            |    67 |    64 |   356 |   656 |   978 |   412 |    38 ||  2571
  Block: Kite shield       |       |       |       |    58 |   784 |   368 |    45 ||  1255

Table legend: (Time is in decaauts)
 A = Elapsed time spent in this place.
 B = Non-inter-level travel time spent in this place.
 C = Inter-level travel time spent in this place.
 D = Time resting spent in this place.
 E = Time spent auto-exploring this place.
 F = Levels seen in this place.
 G = Mean time per level.
                   A        B        C        D        E       F      G
               +--------+--------+--------+--------+--------+-----+--------+
         Total |  32066 |  29167 |   2899 |   2285 |  19281 |  35 |  916.2 |
       Dungeon |  14467 |  13064 |   1403 |   1241 |   8011 |  15 |  964.5 |
        Temple |     38 |      2 |     36 |      0 |      0 |   1 |   38.0 |
          Lair |   4999 |   4440 |    559 |     68 |   3210 |   5 |  999.8 |
         Swamp |   4021 |   3718 |    303 |    225 |   2726 |   4 | 1005.2 |
     Snake Pit |   5143 |   4742 |    401 |    726 |   3254 |   4 | 1285.8 |
  Orcish Mines |   1293 |   1188 |    105 |      0 |    715 |   2 |  646.5 |
        Vaults |   1624 |   1534 |     90 |      0 |   1276 |   2 |  812.0 |
        Bailey |     15 |     15 |      0 |      0 |      0 |   1 |   15.0 |
       Volcano |    461 |    461 |      0 |     25 |     89 |   1 |  461.0 |
               +--------+--------+--------+--------+--------+-----+--------+

Top non-repeatable levels by time:
 Snake:1: 1812 daAuts
    D:15: 1402 daAuts
Vaults:1: 1394 daAuts
    D:13: 1321 daAuts
 Swamp:2: 1270 daAuts
 Snake:4: 1237 daAuts
  Lair:3: 1207 daAuts
     D:4: 1124 daAuts
 Snake:3: 1109 daAuts
  Lair:1: 1054 daAuts
  Lair:5: 1048 daAuts
 Swamp:4: 1047 daAuts
     D:5: 1033 daAuts
    D:11: 1009 daAuts
     D:7: 997 daAuts
